[Event "HWT 2010"]
[Site "Berlin"]
[Date "2010.01.09"]
[Round "2"]
[White "Schäfer, Martin"]
[Black "Schatz, Walter"]
[Result "0-1"]
[ECO "B20"]
[WhiteElo "1935"]
[BlackElo "2232"]
[PlyCount "120"]
[EventDate "2010.??.??"]
[TimeControl "240+2"]

{462MB} 1. e4 c5 2. Na3 Nc6 3. Bb5 g6 4. c3 Bg7 5. f4 d6 6. Nf3 Nf6 7. d3 O-O
8. O-O Bd7 9. Qe1 a6 10. Bxc6 Bxc6 11. Qh4 e6 12. Qh3 Bd7 13. Nc4 d5 14. Nce5
dxe4 15. dxe4 Qc7 16. Nxd7 Qxd7 17. e5 Nd5 18. Ng5 h6 19. Ne4 Qc6 20. Re1 Rfd8
21. Nd6 Bf8 22. Ne4 Bg7 23. Nd6 Bf8 24. Ne4 c4 25. Qh4 Bg7 26. Be3 Nxe3 27.
Rxe3 Rd3 28. Rxd3 cxd3 29. Qe1 Rd8 30. Rd1 d2 31. Qe3 Qa4 32. Rxd2 Rxd2 33.
Nxd2 Qxa2 34. b4 Bf8 35. Ne4 Be7 36. Nd6 Qd5 37. Ne4 b6 38. Nf6+ Bxf6 39. exf6
Qd6 40. g3 a5 41. bxa5 bxa5 42. Kf2 a4 43. Qa7 Qd2+ 44. Kg1 Qxc3 45. Qxa4 Qxf6
46. Qe8+ Kg7 47. Qb8 g5 48. h3 gxf4 49. gxf4 h5 50. Kg2 h4 51. Kf3 Qf5 52. Qe5+
Kg6 53. Qxf5+ Kxf5 54. Ke3 f6 55. Kf3 e5 56. fxe5 fxe5 57. Ke3 e4 58. Ke2 Kf4
59. Kf2 e3+ 60. Ke2 Ke4 0-1

[Event "HWT 2010"]
[Site "?"]
[Date "2010.01.09"]
[Round "2"]
[White "Semmler, Reinhardt"]
[Black "Lange, Ronald"]
[Result "1-0"]
[ECO "A00"]
[WhiteElo "1742"]
[BlackElo "1420"]
[PlyCount "71"]
[EventDate "2010.??.??"]
[TimeControl "240+2"]

{159MB, Fritz11.ctg, DIDI} 1. b4 e5 2. Bb2 d6 3. e3 Nf6 4. Be2 Bf5 5. Nf3 h6 6.
d3 e4 7. Nd4 Bg6 8. b5 d5 9. Nd2 Bd6 10. O-O O-O 11. dxe4 Nxe4 12. N4f3 Nf6 13.
c4 dxc4 14. Nxc4 Be7 15. Qb3 Qe8 16. Nce5 Be4 17. Rad1 Bd6 18. Nc4 Be7 19. Nce5
Bd6 20. Nc4 Be7 21. a4 Nbd7 22. Nce5 Nc5 23. Qc4 b6 24. Rd4 c6 25. bxc6 Bxc6
26. Ng6 Ne6 27. Nxe7+ Qxe7 28. Qxc6 Rac8 29. Qd6 Qxd6 30. Rxd6 Rc2 31. Rd2 Rfc8
32. Bxf6 gxf6 33. Rfd1 Kg7 34. Nd4 Nxd4 35. exd4 R2c7 36. d5 1-0

[Event "HWT 2010"]
[Site "Berlin"]
[Date "2010.01.09"]
[Round "2"]
[White "Slepuschkin, Shenis"]
[Black "Lüders, Gerhard"]
[Result "0-1"]
[ECO "B07"]
[WhiteElo "1911"]
[BlackElo "2162"]
[PlyCount "66"]
[EventDate "2010.??.??"]
[TimeControl "40/7200:20/3600:1800"]

{462MB} 1. e4 d6 2. d4 Nf6 3. Nc3 g6 4. f3 Bg7 5. Be3 c6 6. Qd2 b5 7. Bh6 Bxh6
8. Qxh6 Qa5 9. Qd2 a6 10. Bd3 Nbd7 11. f4 e5 12. Nf3 exd4 13. Nxd4 Bb7 14. Be2
b4 15. Nd1 Nxe4 16. Qe3 c5 17. Nb3 Qc7 18. Nf2 f5 19. Nxe4 fxe4 20. O-O-O O-O-O
21. Bg4 Kb8 22. Bxd7 Rxd7 23. Rhf1 a5 24. f5 d5 25. Qh3 a4 26. Nd2 Re8 27. Rde1
Ba6 28. Rg1 c4 29. Re3 d4 30. Rg3 c3 31. Nb1 Qf4+ 32. Kd1 cxb2 33. fxg6 Qc1#
0-1

[Event "HWT 2010"]
[Site "?"]
[Date "2010.01.09"]
[Round "2"]
[White "Steffen, Rico"]
[Black "Krawatzki, Armin"]
[Result "1-0"]
[ECO "D33"]
[WhiteElo "1948"]
[BlackElo "1589"]
[PlyCount "26"]
[EventDate "2010.??.??"]
[TimeControl "240+2"]

{159MB, Fritz11.ctg, DIDI} 1. d4 d5 2. c4 e6 3. Nc3 c5 4. cxd5 exd5 5. Nf3 Nf6
6. g3 Nc6 7. Bg2 Be6 8. O-O c4 9. Ng5 Be7 10. Nxe6 fxe6 11. e4 O-O 12. Be3 Qb6
13. exd5 Qxb2 1-0

[Event "HWT 2010"]
[Site "?"]
[Date "2010.01.09"]
[Round "2"]
[White "Strehlow, Horst"]
[Black "Zur, Jan"]
[Result "0-1"]
[ECO "B95"]
[WhiteElo "1879"]
[BlackElo "1964"]
[PlyCount "82"]
[EventDate "2010.??.??"]
[TimeControl "240+2"]

{159MB, Fritz11.ctg, DIDI} 1. e4 c5 2. Nf3 d6 3. d4 cxd4 4. Nxd4 Nf6 5. Nc3 a6
6. Bg5 e6 7. Qf3 Be7 8. O-O-O Nbd7 9. Be2 Qc7 10. Qg3 b5 11. Bxb5 axb5 12.
Ndxb5 Qa5 13. Nxd6+ Bxd6 14. Rxd6 Qe5 15. Qxe5 Nxe5 16. f4 Ng6 17. e5 Nd7 18.
f5 exf5 19. e6 fxe6 20. Rxe6+ Kf7 21. Rd6 h6 22. Bd2 Re8 23. Rf1 Nf6 24. g3 Re6
25. Rxe6 Kxe6 26. Re1+ Ne5 27. a4 Ba6 28. b4 Bc4 29. Kb2 g5 30. Be3 Bd5 31.
Nxd5 Kxd5 32. Kb3 Nfg4 33. Bg1 f4 34. h3 Nf6 35. Rd1+ Ke6 36. c4 Nxc4 37. Kxc4
Rxa4 38. Re1+ Kf5 39. Bd4 Ne4 40. Kd5 Rxb4 41. Rxe4 Rb5+ 0-1

[Event "HWT 2010"]
[Site "?"]
[Date "2010.01.09"]
[Round "2"]
[White "Torzinski, Stefan"]
[Black "Lenz, Tobias"]
[Result "0-1"]
[ECO "C01"]
[WhiteElo "1531"]
[BlackElo "1800"]
[PlyCount "28"]
[EventDate "2010.??.??"]
[TimeControl "240+2"]

{159MB, Fritz11.ctg, DIDI} 1. e4 e6 2. d4 d5 3. exd5 exd5 4. Bd3 Bd6 5. Ne2 Nf6
6. O-O O-O 7. Bg5 Bxh2+ 8. Kh1 Bd6 9. Bh4 c6 10. Bg3 Ng4 11. Bxd6 Qxd6 12. g3
Qh6+ 13. Kg2 Nh2 14. Rh1 Qh3+ 0-1

[Event "HWT 2010"]
[Site "?"]
[Date "2010.01.09"]
[Round "2"]
[White "Uhle, Claus"]
[Black "Fuchs, Jörg"]
[Result "1/2-1/2"]
[ECO "B50"]
[WhiteElo "1369"]
[BlackElo "1699"]
[PlyCount "62"]
[EventDate "2010.??.??"]
[TimeControl "240+2"]

{159MB, Fritz11.ctg, DIDI} 1. e4 c5 2. Nc3 d6 3. Nf3 Nf6 4. Bc4 e6 5. d3 Be7 6.
Bd2 O-O 7. a3 Nc6 8. h3 a6 9. Ba2 Qc7 10. Bf4 b5 11. O-O Bb7 12. Bg3 Rad8 13.
Re1 Nh5 14. Bh2 g6 15. Qd2 Rfe8 16. Rad1 b4 17. axb4 Nxb4 18. Bb3 Qc8 19. Ne2
d5 20. Nf4 Nxf4 21. Qxf4 dxe4 22. Ne5 f6 23. Ng4 Rf8 24. dxe4 Qc6 25. f3 c4 26.
c3 Nd3 27. Rxd3 cxd3 28. Kh1 Qb6 29. Bc4 d2 30. Rd1 g5 31. Qc7 Qxc7 1/2-1/2

[Event "HWT 2010"]
[Site "?"]
[Date "2010.01.09"]
[Round "2"]
[White "Wendlandt, Ralph"]
[Black "Zelanti, Markus"]
[Result "1-0"]
[ECO "A85"]
[WhiteElo "1727"]
[BlackElo "1352"]
[PlyCount "86"]
[EventDate "2010.??.??"]
[TimeControl "240+2"]

{159MB, Fritz11.ctg, DIDI} 1. d4 f5 2. c4 Nf6 3. Nc3 e6 4. Nf3 Bb4 5. Bd2 O-O
6. e3 b6 7. Be2 Bb7 8. Qc2 Qe8 9. O-O-O c5 10. a3 Bxc3 11. Bxc3 Ne4 12. Rhf1
Nxc3 13. Qxc3 Nc6 14. d5 exd5 15. cxd5 Ne7 16. d6 Nc8 17. Bc4+ Kh8 18. Ng5 Rf6
19. Rg1 Qg6 20. h4 h6 21. f4 a5 22. Qe5 Na7 23. Qe7 b5 24. Bf7 Nc6 25. Qxd7
Rxf7 26. Nxf7+ Kh7 27. Qxb7 Rf8 28. Ne5 Nxe5 29. fxe5 Qg3 30. Qf3 Qxe5 31. d7
Rd8 32. Rd5 Qf6 33. Qxf5+ Qxf5 34. Rxf5 Rxd7 35. Rxc5 Rb7 36. Rd1 b4 37. Rxa5
bxa3 38. Rxa3 Rb4 39. Rd4 Rb5 40. Ra7 Rb6 41. Rdd7 Rg6 42. Rxg7+ Rxg7 43. Rxg7+
Kxg7 1-0

[Event "HWT 2010"]
[Site "?"]
[Date "2010.01.09"]
[Round "2"]
[White "Wolff, Joachim Peter"]
[Black "Geldner, Gerrit"]
[Result "1-0"]
[ECO "A28"]
[WhiteElo "1061"]
[BlackElo "1311"]
[PlyCount "101"]
[EventDate "2010.??.??"]
[TimeControl "240+2"]

{159MB, Fritz11.ctg, DIDI} 1. c4 e5 2. Nc3 Nf6 3. Nf3 Nc6 4. e4 Bc5 5. Be2 d6
6. h3 Nd4 7. Nxd4 exd4 8. Nd5 O-O 9. d3 h6 10. O-O c6 11. Nf4 Re8 12. Nh5 Nxh5
13. Bxh5 Qf6 14. Bd2 b5 15. cxb5 cxb5 16. b4 Bb6 17. Re1 Bb7 18. Bf3 Re7 19. e5
dxe5 20. Bxb7 Rxb7 21. Re4 Qd6 22. Rc1 f5 23. Rh4 Rf7 24. Qf3 Raf8 25. Rc6 Qd7
26. Rg6 Rf6 27. Rhxh6 Rxg6 28. Rxg6 Rf6 29. Qh5 Rxg6 30. Qxg6 Kf8 31. Qh5 Qf7
32. Qh8+ Ke7 33. Qh4+ Ke6 34. Bg5 Kd6 35. Qh8 a5 36. Qb8+ Qc7 37. Qf8+ Ke6 38.
Qe8+ Kd6 39. Qxb5 axb4 40. Qxb4+ Qc5 41. Qa4 Qa5 42. Qe8 Qxa2 43. Qe7+ Kc6 44.
Qe8+ Kd6 45. Be7+ Kc7 46. Bd8+ Kb7 47. Qd7+ Ka6 48. Qc8+ Kb5 49. Qb7 Qa6 50.
Qd7+ Kc5 51. Be7# 1-0

[Event "HWT 2010"]
[Site "?"]
[Date "2010.01.09"]
[Round "2"]
[White "Ziems, Michael"]
[Black "Bauerfeind, Lars"]
[Result "1-0"]
[ECO "D46"]
[WhiteElo "1736"]
[BlackElo "1385"]
[PlyCount "49"]
[EventDate "2010.??.??"]
[TimeControl "240+2"]

{159MB, Fritz11.ctg, DIDI} 1. d4 Nf6 2. c4 e6 3. Nc3 d5 4. e3 Nbd7 5. Nf3 c6 6.
Be2 dxc4 7. Bxc4 Bd6 8. O-O O-O 9. Qc2 e5 10. dxe5 Nxe5 11. Be2 Qc7 12. h3 Re8
13. b3 Be6 14. Bb2 h6 15. Nd4 Bd7 16. Nf5 Bxf5 17. Qxf5 Qd7 18. Qxd7 Nexd7 19.
Rad1 Be5 20. Na4 Bxb2 21. Nxb2 Rad8 22. Nc4 Nc5 23. Nd6 Re6 24. Nf5 Nfe4 25.
Rxd8+ 1-0

[Event "HWT 2010"]
[Site "?"]
[Date "2010.01.09"]
[Round "2"]
[White "Zur, Gerd"]
[Black "König, Frank"]
[Result "0-1"]
[ECO "B30"]
[WhiteElo "1457"]
[BlackElo "1767"]
[PlyCount "88"]
[EventDate "2010.??.??"]
[TimeControl "240+2"]

{159MB, Fritz11.ctg, DIDI} 1. e4 c5 2. Nc3 g6 3. Nf3 Bg7 4. Bc4 Nc6 5. O-O d6
6. d3 Nf6 7. Bg5 O-O 8. Qd2 Bg4 9. Nh4 Na5 10. f3 Nxc4 11. dxc4 Be6 12. Nd5
Bxd5 13. cxd5 Nd7 14. f4 h6 15. f5 hxg5 16. Qxg5 e6 17. Qxd8 Raxd8 18. fxg6
exd5 19. gxf7+ Rxf7 20. exd5 Bxb2 21. Rxf7 Bxa1 22. Rf3 Bd4+ 23. Kf1 Nb6 24.
Rg3+ Kf7 25. Rf3+ Bf6 26. Rf5 Re8 27. Nf3 Kg6 28. g4 Nc4 29. Kf2 Ne3 30. Rxf6+
Kxf6 31. g5+ Kg6 32. h4 Nxc2 33. Nd2 b5 34. Kf3 Kf5 35. Nf1 Nd4+ 36. Kg3 c4 37.
Kh3 Kf4 38. g6 Nf5 39. h5 Re1 40. Nh2 Rg1 41. Nf1 Rxf1 42. Kg2 Ne3+ 43. Kh2 Kf3
44. h6 Ng4+ 0-1